 Dungeon Crawl Stone Soup version 0.19.1 (webtiles) character file.

25 ololoev the Firebug (level 3, -1/19 HPs)
             Began as a Kobold Fire Elementalist on Dec 19, 2016.
             Killed by nerve-wracking pain
             ... invoked by Jessica
              (12 damage)
             ... on level 2 of the Dungeon.
             The game lasted 00:05:57 (1021 turns).

ololoev the Firebug (Kobold Fire Elementalist)      Turns: 1021, Time: 00:05:58

Health: -1/19      AC:  2    Str:  5    XL:     3   Next: 20%
Magic:  7/7        EV: 15    Int: 17    God:
Gold:   52         SH:  0    Dex: 15    Spells: 2 memorised, 3 levels left

rFire  . . .     SeeInvis .     a - +0 hunting sling
rCold  . . .     Gourm    .     n - +0 robe
rNeg   . . .     Faith    .     (shield restricted)
rPois  .         Spirit   .     (no helmet)
rElec  .         Reflect  .     (no cloak)
rCorr  .         Harm     .     (no gloves)
MR     .....                    (no boots)
Stlth  ++........               (no amulet)
                                (no ring)
                                (no ring)

@: slowed, very slow
A: carnivore 3
a: no special abilities


Innate Abilities, Weirdness & Mutations

You are small and have problems with some larger weapons.
You are carnivorous and can eat meat at any time.

Inventory:

Hand Weapons
 a - a +0 hunting sling (weapon)
Missiles
 o - 39 sling bullets (quivered)
Armour
 n - a +0 robe (worn)
Scrolls
 e - 2 scrolls of identify {unknown}
 f - a scroll of fear {unknown}
 g - 2 scrolls of remove curse {unknown}
 h - a scroll of immolation {unknown}
Potions
 d - 2 potions of curing {unknown}
 j - a potion of brilliance {unknown}
 k - a potion of flight {unknown}
Books
 b - a book of Flames

   Spells                             Type                      Level
   a - Flame Tongue                   Conjuration/Fire             1
   b - Throw Flame                    Conjuration/Fire             2
   c - Conjure Flame                  Conjuration/Fire             3
   d - Inner Flame                    Hexes/Fire                   3
   e - Sticky Flame                   Conjuration/Fire             4
   f - Fireball                       Conjuration/Fire             5
Comestibles
 c - a meat ration
 i - a slice of pizza
 l - a beef jerky
 m - 4 chunks of flesh


   Skills:
 - Level 2.4 Dodging
 - Level 2.6 Stealth
 + Level 2.9 Spellcasting
 + Level 1.7 Conjurations
 + Level 3.3 Fire Magic


You had 3 spell levels left.
You knew the following spells:

 Your Spells              Type           Power        Failure   Level  Hunger
a - Flame Tongue          Conj/Fire      ##...        10%         1    #......
b - Conjure Flame         Conj/Fire      ##......     21%         3    ###....


You were on level 2 of the Dungeon.
You were completely stuffed.

You visited 1 branch of the dungeon, and saw 2 of its levels.

You collected 52 gold pieces.

...............................##
..##...##.....#........##........
..##....#.....#.#(.#.#.##........
........##....#.#....#.##........
........##....#..<...............
<.............###................
.........................>.......
.............#....##.......#.....
................@................
###................#.............
........#.........†#............#
...#....#.......................#
...#.#.##......@...... .###.....#
##+#.#.##.....(.##......# #......
....#........# #..... #...##. ..
.....(... ..... ##...... #.......

Notes
Turn   | Place    | Note
-------+----------+-------------------------------------------
     0 | D:1      | ololoev the Kobold Fire Elementalist began the quest for the Orb.
     0 | D:1      | Reached XP level 1. HP: 10/10 MP: 3/3
     0 | D:1      | DEFE: sp
     0 | D:1      | DEFE: ну это изи же
     0 | D:1      | Goblin1989: ну посмотрим
     0 | D:1      | Goblin1989: есть проблема
     0 | D:1      | Goblin1989: это стриковый перс
     0 | D:1      | Goblin1989: а у них с ололоевым проблемы
     0 | D:1      | Goblin1989: ох нифига себе
     0 | D:1      | Goblin1989: да у меня проблемы с руссим!
    19 | D:1      | Iwannabefree: !LG ololoev
    22 | D:1      | beem: 3200. ololoev the Merfolkian Porcupine (L27 MfFi of Ashenzari), escaped with the Orb and 4 runes on 2016-12-19 11:11:11, with 2230577 points after 79711 turns and 5:36:04.
    24 | D:1      | Iwannabefree: Vines
   165 | D:1      | Reached XP level 2. HP: 15/15 MP: 2/5
   256 | D:1      | Goblin1989: чет не понял
   256 | D:1      | Goblin1989: кобольд?
   257 | D:1      | ololoev: yep
   341 | D:1      | Goblin1989: а че не спригган?
   341 | D:1      | ololoev: sp potom
   518 | D:1      | DEFE: шорт не упал?
   524 | D:1      | DEFE: ни какой?
   554 | D:1      | ololoev: hz
   554 | D:1      | DEFE: возьми
   554 | D:1      | Iwannabefree: Чому кобольд
   554 | D:1      | DEFE: на случай чего
   554 | D:1      | Iwannabefree: Унылый же
   554 | D:1      | ololoev: toje hz
   554 | D:1      | ololoev: mne norm
   554 | D:1      | ololoev: soidet
   594 | D:1      | Iwannabefree: Нагу бы взял
   772 | D:1      | ololoev: toje budet
   772 | D:1      | ololoev: !lg . nafe
   772 | D:1      | beem: 4. ololoev the Firebug (L2 NaFE), slain by a hobgoblin (a +0 club) (led by Robin) on D:3 on 2016-07-28 09:12:27, with 16 points after 245 turns and 0:01:55.
   772 | D:1      | Iwannabefree: Лучший способ слить стрик
   772 | D:1      | Iwannabefree: Это взять хуйню
   809 | D:2      | Iwannabefree: Без ирлигейма
   828 | D:2      | Reached XP level 3. HP: 19/19 MP: 4/7
   833 | D:2      | Learned a level 3 spell: Conjure Flame
   994 | D:2      | Noticed Jessica
  1021 | D:2      | Killed from afar by Jessica

Dungeon Overview and Level Annotations

Branches:
Dungeon (2/15)

Altars:

Annotations:
D:2 Jessica


Message History

a - a +0 hunting sling (weapon);
n - a +0 robe (worn)
You see here a bat corpse.
You butcher the bat corpse.
m - 2 chunks of flesh (gained 1)
You see here a bat skeleton.
o - 43 sling bullets (gained 18) Done exploring.
Done exploring.
Done exploring.
(D) Dungeon
Where to? (Enter - D:1 @ (x,y), ? - help) Magic restored.
Your magical contamination has completely faded away.
HP restored.
There is a stone staircase leading down here.
You climb downwards.
There is a stone staircase leading up here.
The dart slug launches a dart at you. The slug dart misses you.
Firing (i - inventory):
o - 43 sling bullets (quivered)
Press: ? - help, Shift-Dir - straight line, f - dart slug
Aim: a dart slug You shoot a sling bullet.
The sling bullet hits the dart slug.
The dart slug is heavily wounded.
Firing (i - inventory):
o - 42 sling bullets (quivered)
Press: ? - help, Shift-Dir - straight line, f/p - dart slug
Aim: a dart slug (heavily wounded)
You shoot a sling bullet. The sling bullet hits the dart slug.
The dart slug is almost dead.
The dart slug launches a dart at you. The slug dart misses you.
Firing (i - inventory):
o - 41 sling bullets (quivered)
Press: ? - help, Shift-Dir - straight line, f/p - dart slug
Aim: a dart slug (almost dead)
You shoot a sling bullet. The sling bullet hits the dart slug!
You kill the dart slug!
o - 43 sling bullets (gained 3)
You see here a dart slug corpse.
Jessica the Apprentice Sorceress comes into view.
You see here a dart slug corpse.
You butcher the dart slug corpse.
m - 4 chunks of flesh (gained 2)
A rat comes into view.
Casting: Flame Tongue
Confirm with . or Enter, or press ? or * to list all spells.
Aiming: Flame Tongue
Press: ? - help, Shift-Dir - straight line, f - rat
Aim: a rat The flame tongue hits the rat.
You kill the rat!
You start resting.
Magic restored.
Firing (i - inventory):
o - 43 sling bullets (quivered)
Press: ? - help, Shift-Dir - straight line, f - Jessica
Aim: Jessica, wearing a robe (resting)
You shoot a sling bullet. The sling bullet hits Jessica.
Jessica shouts!
Jessica is moderately wounded.
Jessica casts a spell at you.
You feel yourself slow down.
Firing (i - inventory):
o - 42 sling bullets (quivered)
Press: ? - help, Shift-Dir - straight line, f/p - Jessica
Aim: Jessica, wearing a robe (moderately wounded)
You shoot a sling bullet.
The sling bullet hits Jessica but does no damage.
Jessica is moderately wounded.
Firing (i - inventory):
o - 41 sling bullets (quivered)
Press: ? - help, Shift-Dir - straight line, f/p - Jessica
Aim: Jessica, wearing a robe (moderately wounded)
You shoot a sling bullet. The sling bullet barely misses Jessica.
Jessica zaps a wand.
The puff of flame hits you!
It is a wand of flame.
Firing (i - inventory):
o - 40 sling bullets (quivered)
Press: ? - help, Shift-Dir - straight line, f/p - Jessica
Aim: Jessica, wearing a robe and carrying a wand of flame {zapped: 1} (moderately wounded)
You shoot a sling bullet. The sling bullet hits Jessica.
Jessica is severely wounded.
Jessica points at you and mumbles some strange words.
Pain shoots through your body!
Ouch! That really hurt!
You die...

You could see Jessica.

Vanquished Creatures
  2 dart slugs
  2 leopard geckos (D:1)
  2 giant cockroaches
  2 goblins
  A hobgoblin (D:1)
  3 jackals (D:1)
  3 bats (D:1)
  3 rats
18 creatures vanquished.

Action                   || total
-------------------------++-------
 Fire: Hunting sling     ||     7
 Cast: Flame Tongue      ||    27
  Eat: Chunk             ||     9
Armor: Robe              ||     2
Dodge: Dodged            ||     5

Vault maps used:
D:1:      zelgadis_glass_arrival_small, minmay_misc_feat_cross
D:2:      uniq_terence, uniq_jessica
